 Dungeon Crawl Stone Soup version 0.19.1 (webtiles) character file.

177 dondy the Distorting Demonspawn (level 5, -8/41 HPs)
             Began as a Demonspawn Abyssal Knight on Dec 21, 2016.
             Was a Believer of Lugonu.
             Splashed by a kobold's acid (10 damage)
             ... on level 3 of the Dungeon.
             The game lasted 00:08:48 (2822 turns).

dondy the Distorting Demonspawn (DsAK)              Turns: 2822, Time: 00:08:48

Health: -8/41      AC:  7    Str: 13    XL:     5   Next: 30%
Magic:  8/8        EV:  0    Int: 14    God:    Lugonu [**....]
Gold:   143        SH:  6    Dex: 12    Spells: 0 memorised, 4 levels left

rFire  + . .     SeeInvis .     a - +1 falchion
rCold  . . .     Gourm    .     q - +0 plate armour
rNeg   . . .     Faith    .     j - +0 shield
rPois  .         Spirit   .     (helmet restricted)
rElec  .         Reflect  .     x - +0 cloak
rCorr  .         Harm     .     (no gloves)
MR     .....                    (no boots)
Stlth  ..........               (no amulet)
                                y - ring of protection from fire
                                (no ring)

@: corroded
A: antennae 1, foul stench 1, rot immunity
a: Depart the Abyss, Bend Space, Renounce Religion


You were on level 3 of the Dungeon.
You worshipped Lugonu.
Lugonu was pleased with you.
You were hungry.

You visited 1 branch of the dungeon, and saw 3 of its levels.
You visited the Abyss 1 time.

You collected 143 gold pieces.

Inventory:

Hand Weapons
 a - a +1 falchion (weapon)
Armour
 j - a +0 shield (worn)
 m - a +0 robe of fire resistance
 q - a +0 plate armour (worn)
 x - a +0 cloak (worn)
Jewellery
 y - a ring of protection from fire (right hand)
Scrolls
 d - a scroll of teleportation {unknown}
 n - 2 scrolls of remove curse
 p - 3 scrolls of amnesia
 r - a scroll of blinking {unknown}
 u - a scroll of random uselessness {unknown}
 v - a scroll of immolation {unknown}
Potions
 e - 2 potions of curing
 g - a potion of haste {unknown}
 l - a potion of flight {unknown}
 o - 2 potions of might
 s - a potion of invisibility {unknown}
 t - a potion of resistance {unknown}
Comestibles
 c - a bread ration
 i - a meat ration
 k - a beef jerky
 w - 7 chunks of flesh
 z - a slice of pizza


   Skills:
 - Level 3.0 Fighting
 * Level 4.1 Long Blades
 - Level 1.7 Armour
 - Level 0.8 Dodging
 + Level 4.8 Invocations


You had 4 spell levels left.
You didn't know any spells.

Dungeon Overview and Level Annotations

Branches:
Dungeon (3/15)

Altars:
Dithmenos


Innate Abilities, Weirdness & Mutations

You have a pair of small antennae on your head.
You may emit foul miasma when damaged in melee.
You are immune to rotting.


Message History

Found an escape hatch in the ceiling.
There is a stone staircase leading up here.
As you read the scroll of identify, it crumbles to dust.
f - 2 potions of degeneration Drop what? 24/52 slots (_ for help) (? for menu, Esc to quit)
You drop 2 potions of degeneration.
Found a scroll of identify.
A kobold comes into view. It is wielding a dagger.
Found a leather armour.
The kobold zaps a wand.
The bolt of acid hits you! The acid corrodes you!
You are splashed with acid!
The acid burns!
It is a wand of acid.
You are feeling hungry.
Your plate armour prevents you from hitting the kobold.
The kobold hits you but does no damage.
Your shield and plate armour prevent you from hitting the kobold.
The kobold hits you but does no damage.
The kobold zaps a wand.
The bolt of acid hits you!
* * * LOW HITPOINT WARNING * * *
You are splashed with acid!
The acid burns!
You die...

..##..#.# #)########.........##
......#.# #....................
..#####.#####.<########..#...####
..# ###.#..........# #..#..[#
###>...............# #[.#.#.#
..........###..###.#### #.#.#
.##.##.## #..# ..... .... .##.#
#####..##..#.##. ....#
#.......@K..[... .####
#.##.<.......... .# ##?.....#.###
.. ##.......# .## ...##.### ..
..... .# .. ###### .# #?. .#


You could see a kobold.

Vanquished Creatures
  A bullfrog (D:3)
  4 adders
  An ooze (D:1)
  3 worms
  2 dart slugs
  A leopard gecko (D:3)
  6 giant cockroaches
  5 goblins
  5 hobgoblins
  7 jackals
  7 kobolds
  3 quokkas (D:3)
  2 ball pythons (D:1)
  5 bats
  6 frilled lizards
  5 rats
63 creatures vanquished.

Notes
Turn   | Place    | Note
-------+----------+-------------------------------------------
     0 | Abyss:1  | dondy the Demonspawn Abyssal Knight began the quest for the Orb.
     0 | Abyss:1  | Reached XP level 1. HP: 18/18 MP: 2/2
     2 | Abyss:1  | Found a corrupted altar of Lugonu.
     8 | D:1      | Escaped the Abyss
   235 | D:1      | Gained mutation: You are immune to rotting. [demonic ancestry]
   235 | D:1      | Reached XP level 2. HP: 24/24 MP: 3/3
   393 | D:1      | Reached ** piety under Lugonu
   637 | D:1      | Gained mutation: You may emit foul miasma when damaged in melee. [demonic ancestry]
   637 | D:1      | Reached XP level 3. HP: 21/29 MP: 5/5
   948 | D:2      | Found a shadowy altar of Dithmenos.
  1638 | D:2      | Reached XP level 4. HP: 25/35 MP: 5/7
  2405 | D:3      | Noticed a bullfrog
  2411 | D:3      | Killed a bullfrog
  2411 | D:3      | Gained mutation: You have a pair of small antennae on your head. [demonic ancestry]
  2411 | D:3      | Reached XP level 5. HP: 26/41 MP: 8/8
  2822 | D:3      | HP: 2/41 [kobold/wand of acid (19)]
  2822 | D:3      | Splashed by a kobold's acid

Skill      XL: |  1  2  3  4 |
---------------+-------------+-----
Long Blades    | 2 3 4 |  4.1
Invocations    | 3 4 |  4.8
Fighting       | |  3.0
Armour         | |  1.7
Dodging        | |  0.8

Action                   |  1- 3 |  4- 6 || total
-------------------------+-------+-------++-------
Melee: Falchion          |   156 |    79 ||   235
  Use: Potion            |       |     1 ||     1
       Scroll            |       |     5 ||     5
  Eat: Chunk             |     3 |     3 ||     6
Armor: Leather armour    |    12 |       ||    12
       Chain mail        |    36 |       ||    36
       Robe              |    15 |    14 ||    29
       Plate armour      |       |    38 ||    38
Dodge: Dodged            |    66 |    11 ||    77
Block: Shield            |    27 |    22 ||    49
       Rpst.: Falchion   |    23 |     3 ||    26
